 Dungeon Crawl Stone Soup version 0.26.1-11-gd32895ea62 (webtiles) character file.

Game seed: 6947423815767120967

145 mankey1987 the Ducker (level 5, -5/54 HPs)
             Began as an Ogre Berserker on May 30, 2021.
             Was a Believer of Trog.
             Slain by an orc
             ... wielding a +0 hand axe
              (6 damage)
             ... on level 3 of the Dungeon.
             The game lasted 00:02:59 (2132 turns).

mankey1987 the Ducker (Ogre Berserker)              Turns: 2132, Time: 00:03:01

Health: -5/54      AC:  3    Str: 21    XL:     5   Next: 27%
Magic:  5/5        EV: 11    Int:  8    God:    Trog [**....]
Gold:   117        SH:  0    Dex:  9    Spells: 4/4 levels left

rFire    + . .     SeeInvis .   m - +0 morningstar
rCold    + . .     Faith    .   (no shield)
rNeg     . . .     Spirit   .   b - +0 animal skin
rPois    .         Reflect  .   (helmet restricted)
rElec    .         Harm     .   f - scarf {rC+ rF+}
rCorr    .         Rampage  .   (gloves unavailable)
Will     .....                  (boots unavailable)
Stlth    +.........             (no amulet)
HPRegen  0.18/turn              (no ring)
MPRegen  0.09/turn              (no ring)

@: brilliant, berserk cooldown, slowed, very slow
A: large, unfitting armour, tough skin 1
a: Renounce Religion, Berserk, Trog's Hand


You were on level 3 of the Dungeon.
You worshipped Trog.
Trog was pleased with you.
You visited 1 branch of the dungeon, and saw 3 of its levels.

You collected 117 gold pieces.

Inventory:

Hand Weapons
 m - a +0 morningstar (weapon)
Armour
 b - a +0 animal skin (worn)
 f - a scarf of resistance (worn)
Jewellery
 o - an uncursed ring of protection from fire {unknown}
Scrolls
 c - 2 scrolls of remove curse {unknown}
 e - 4 scrolls of identify {unknown}
 h - a scroll of noise {unknown}
 i - a scroll of blinking {unknown}
 j - 2 scrolls of amnesia {unknown}
 l - a scroll of enchant weapon {unknown}
 p - 2 scrolls of fog {unknown}
Potions
 d - a potion of ambrosia
 g - a potion of berserk rage {unknown}
 k - a potion of degeneration {unknown}
 n - 2 potions of curing {unknown}
 q - a potion of haste {unknown}


   Skills:
 - Level 4.0 Fighting
 - Level 2.6 Maces & Flails
 + Level 5.3 Dodging


You had 4 spell levels left.
You didn't know any spells.
Your spell library was empty.

Dungeon Overview and Level Annotations

Branches:
Dungeon (3/15)

Altars:
Gozag
Makhleb
Vehumet


Innate Abilities, Weirdness & Mutations

You are too large for most types of armour.
You have tough skin. (AC +1)


Message History

* * * LOW HITPOINT WARNING * * *
The orc barely misses you. The orc closely misses you.
You feel less invigorated.
You feel less confused. The bat hits you but does no damage.
The bat barely misses you. The bat hits you.
The orc hits you with a +0 hand axe.
* * * LOW HITPOINT WARNING * * *
The orc closely misses you. x2
You barely miss the orc. The bat hits you but does no damage.
The bat closely misses you. The bat barely misses you.
The orc hits you with a +0 hand axe.
* * * LOW HITPOINT WARNING * * *
The orc barely misses you. The orc hits you but does no damage. x2
You hit the orc.
The orc is heavily wounded.
The bat hits you but does no damage. The orc barely misses you.
The bat hits you but does no damage. The orc hits you with a +0 hand axe!
* * * LOW HITPOINT WARNING * * *
The orc hits you with a +0 hand axe.
You die...

.#..... .. (....oo ##.
....... #.. ....... #.#
.....o. #.#
.......#######)#
#.......).##..############
..........)....#.o)<......#
....>##.#....#.b@.).......#
..## #..###.###o.(.......#
. ##$ #..############# #..
##..# ### #.# .. ..# ..


You could see 2 orcs and a bat.

Vanquished Creatures
  2 orc priests
  2 adders (D:2)
  An ooze (D:2)
  A worm (D:2)
  A dart slug (D:2)
  2 leopard geckos
  5 orcs
  2 ball pythons
  7 bats
  2 giant cockroaches (D:1)
  11 goblins
  3 hobgoblins
  A quokka (D:2)
  3 frilled lizards
  3 kobolds (D:1)
  6 rats
52 creatures vanquished.

Notes
Turn   | Place    | Note
-------+----------+-------------------------------------------
     0 | D:1      | mankey1987 the Ogre Berserker began the quest for the Orb.
     0 | D:1      | Reached XP level 1. HP: 24/24 MP: 1/1
    83 | D:1      | Reached skill level 3 in Dodging
   261 | D:1      | Reached XP level 2. HP: 32/32 MP: 2/2
   760 | D:1      | Reached XP level 3. HP: 38/39 MP: 3/3
   977 | D:2      | Reached skill level 4 in Dodging
  1059 | D:2      | Reached ** piety under Trog
  1174 | D:2      | Reached XP level 4. HP: 43/48 MP: 4/4
  1274 | D:2      | Found a radiant altar of Vehumet.
  1274 | D:2      | Found a burning altar of Makhleb.
  1330 | D:2      | Found an opulent altar of Gozag.
  2061 | D:3      | Reached skill level 5 in Dodging
  2108 | D:3      | Reached XP level 5. HP: 37/54 MP: 5/5
  2132 | D:3      | HP: 1/54 [orc/+0 hand axe (8)]
  2132 | D:3      | Slain by an orc

Illustrated notes

Levels and vault maps discovered:
D:1:      co_arrival_square_in_a_square_in_a_square, layout_basic
D:2:      minmay_general_purpose_star, layout_basic,
          gammafunk_temple_overflow_wave, grunt_gozag_statues
D:3:      layout_rooms, uniq_crazy_yiuf_cottage

Skill      XL: |  1  2  3  4 |
---------------+-------------+-----
Dodging        | 3 4 5 |  5.3
Fighting       | |  4.0
Maces & Flails | |  2.6

Action                   |  1- 3 |  4- 6 || total
-------------------------+-------+-------++-------
Melee: Mace              |    91 |     1 ||    92
       Morningstar       |       |    42 ||    42
Invok: Berserk           |       |     1 ||     1
  Use: Potion            |       |     2 ||     2
Armor: Animal skin       |    49 |    15 ||    64
Dodge: Dodged            |    81 |    40 ||   121
